 Dungeon Crawl Stone Soup version 0.30.0-29-ga12c61a403 (webtiles) character file.

Game seed: 12558832737330594759

196 Graphine the Ducker (level 5, -5/42 HPs)
             Began as a Merfolk Gladiator on June 3, 2023.
             Was an Initiate of Yredelemnul.
             Succumbed to Duvessa's poison
             ... on level 4 of the Dungeon.
             The game lasted 00:08:15 (3169 turns).

Graphine the Ducker (Merfolk Gladiator)             Turns: 3169, Time: 00:08:15

Health: -5/42      AC:  7    Str: 14    XL:     5   Next: 74%
Magic:  5/5        EV: 14    Int: 10    God:    Yredelemnul [......]
Gold:   155        SH:  0    Dex: 18    Spells: 4/4 levels left

rFire   . . .        f - +4 triple sword (venom)
rCold   . . .        (shield currently unavailable)
rNeg    . . .        b - +0 leather armour
rPois   .            n - +2 hat {Int+3}
rElec   .            (no cloak)
rCorr   .            (no gloves)
SInv    .            (no boots)
Will    .....        (no amulet)
Stlth   +            (no ring)
HPRegen 0.27/turn    (no ring)
MPRegen 0.09/turn

%: no passive effects
@: lethally poisoned (-5 -> -29)
A: (nimble swimmer 2), mertail, iridescent scales 1, wild magic 1
a: Renounce Religion, Recall Undead Harvest


You were on level 4 of the Dungeon.
You worshipped Yredelemnul.
Yredelemnul was noncommittal.
You visited 1 branch of the dungeon, and saw 4 of its levels.

You collected 155 gold pieces.

Inventory:

Hand Weapons
 a - a +0 long sword
 f - a +4 triple sword of venom (weapon)
Missiles
 d - 3 throwing nets
 e - a javelin
 l - 7 boomerangs (quivered)
 r - 6 datura-tipped darts
Armour
 b - a +0 leather armour (worn)
 c - a +0 helmet
 n - a +2 hat of intelligence (worn)
 t - a +0 buckler
Magical Staves
 u - a staff of conjuration
Scrolls
 h - a scroll of amnesia
 q - a scroll of poison {unknown}
 s - 2 scrolls of teleportation {unknown}
 v - 2 scrolls of enchant weapon {unknown}
Potions
 g - a potion of degeneration
 m - a potion of brilliance
 p - a potion of mutation


   Skills:
 + Level 3.7 Fighting
 + Level 4.9 Long Blades
 + Level 3.2 Throwing
 + Level 5.3 Dodging


You had 4 spell levels left.
You didn't know any spells.
Your spell library contained the following spells:

 Spells                   Type           Power      Damage    Failure   Level
 Apportation              Tloc           0%         N/A       52%         1
 Static Discharge         Conj/Air       0%         2-2/arc   67%         2
 Airstrike                Air            0%         2d(0-16)  99%         4
 Summon Lightning Spire   Summ/Air       0%         N/A       99%         4
 Alistair's Intoxication  Tmut/Pois      0%         N/A       100%        5
 Blade Hands              Tmut           0%         N/A       100%        5
 Irradiate                Conj/Tmut      0%         3d11      100%        5
 Dragon Form              Tmut           0%         N/A       100%        7


Dungeon Overview and Level Annotations

Branches:
Dungeon (4/15)
 Temple: D:4-7

Altars:
Yredelemnul

Annotations:
D:4 Dowan, Duvessa


Innate Abilities, Weirdness & Mutations

((You are very nimble when in or above water. (Stealth+, EV+, Speed+++)))
Your lower body shifts to a powerful aquatic tail in water.
You are partially covered in iridescent scales. (AC +2)
Your spells are a little harder to cast, but a little more powerful.


Message History

Dowan hits your endoplasm zombie with a +0 dagger.
You barely miss Duvessa.
Duvessa is severely wounded.
You feel very sick.
Duvessa drinks a potion.
Duvessa is healed!
Duvessa looks more healthy.
Your endoplasm zombie hits Dowan.
Dowan casts a spell at you.
The puff of frost hits your endoplasm zombie.
Your endoplasm zombie resists.
Dowan hits your endoplasm zombie with a +0 dagger.
Your endoplasm zombie hits Dowan but does no damage.
Duvessa hits you with a +2 short sword of venom!
You are lethally poisoned!
Hit: f) +4 triple sword (venom)
Press: ? - help, Dir - move target, f - Duvessa
Aim: Duvessa, wielding a +2 short sword of venom and wearing a +0 leather armour (heavily wounded, about 35% to evade your +4 triple sword of venom)
Okay, then.
Really quaff the potion of mutation?
You feel extremely strange.
You feel less in control of your magic.
Iridescent scales grow over part of your body.
* * * LOW HITPOINT WARNING * * *
You feel very sick. Duvessa misses you.
Dowan says, "Magic and the sword, together, will defeat you."
Dowan hits your endoplasm zombie with a +0 dagger.
Your endoplasm zombie is destroyed!
It was a potion of cancellation.
You feel magically purged.
* * * LOW HITPOINT WARNING * * *
You feel very sick.
Duvessa hits you with a +2 short sword of venom!
* * * LOW HITPOINT WARNING * * *
You are more poisoned.
Hit: f) +4 triple sword (venom)
Press: ? - help, Dir - move target, f - Duvessa
Aim: Duvessa, wielding a +2 short sword of venom and wearing a +0 leather armour (heavily wounded, about 35% to evade your +4 triple sword of venom)
You hit Duvessa.
Duvessa is poisoned.
Duvessa is heavily wounded.
You die...
Your body rises from the dead as a mindless zombie.

+.........'.....[.....
#.........####....####
##.......## ##.......
##.....## ##..####
##...## #..# ##'##
#...# #.# #.#.# #.#
#.... ##@## ###.##
#.ee# #.......#
#.#...#...#
#.##.##...# # ### ....
.###. #


You could see Duvessa (very poisoned) and Dowan.

Vanquished Creatures
  A scorpion (D:4)
  A gnoll (D:3)
  4 adders
  3 worms
  3 dart slugs
  2 orcs
  8 endoplasms
  A giant cockroach (D:3)
  9 hobgoblins
  3 jackals (D:1)
  4 quokkas
  4 ball pythons
  5 bats
  2 frilled lizards (D:3)
  4 goblins
  8 kobolds
  6 rats
68 creatures vanquished.

Vanquished Creatures (collateral kills)
  A quokka (D:3)
  A rat (D:2)
2 creatures vanquished.

Vanquished Creatures (others)
  2 bat zombies (D:2)
  2 endoplasm zombies
  2 hobgoblin zombies (D:3)
  A rat zombie (D:3)
7 creatures vanquished.

Grand Total: 77 creatures vanquished

Notes
Turn   | Place    | Note
-------+----------+-------------------------------------------
     0 | D:1      | Graphine the Merfolk Gladiator began the quest for the Orb.
     0 | D:1      | Reached XP level 1. HP: 16/16 MP: 1/1
   103 | D:1      | Reached XP level 2. HP: 2/23 MP: 2/2
   564 | D:1      | Reached XP level 3. HP: 26/28 MP: 3/3
  1213 | D:2      | Reached XP level 4. HP: 35/35 MP: 4/4
  1344 | D:2      | Found a faded altar of an unknown god.
  1347 | D:2      | Prayed at the altar of an unknown god.
  1347 | D:2      | Became a worshipper of Yredelemnul the Dark
  1464 | D:2      | Reached * piety under Yredelemnul
  2543 | D:3      | Reached skill level 5 in Dodging
  2543 | D:3      | Reached XP level 5. HP: 31/41 MP: 5/5
  2769 | D:3      | Identified a scroll of acquirement
  2769 | D:3      | Acquired a +4 triple sword of venom
  3160 | D:4      | Noticed Duvessa
  3160 | D:4      | Noticed Dowan
  3167 | D:4      | Gained mutation: Your spells are a little harder to cast,
                  | but a little more powerful. [potion of mutation]
  3167 | D:4      | Gained mutation: You are partially covered in iridescent
                  | scales. (AC +2) [potion of mutation]
  3169 | D:4      | Succumbed to Duvessa's poison

Illustrated notes

Levels and vault maps discovered:
D:1:      dpeg_arrival_triangle_fractal, layout_loops_ring
D:2:      layout_basic, shapermc_ecumenical_altar_mp_vishouse,
          serial_park_tiny_1
D:3:      minmay_evil_eye, layout_rooms
D:4:      layout_loops_corners, minmay_manual_mares, uniq_duvessa

Skill      XL: |  1  2  3  4  5 |
---------------+----------------+-----
Long Blades    | 4 |  4.9
Fighting       | 3 |  3.7
Dodging        | 5 |  5.3
Throwing       | 3 |  3.2

Action                     |  1- 3 |  4- 6 || total
---------------------------+-------+-------++-------
  Melee: Long sword        |    66 |    70 ||   136
         Punch             |       |     1 ||     1
         Triple sword      |       |    11 ||    11
  Throw: Boomerang         |    34 |     2 ||    36
         Throwing net      |     1 |       ||     1
 Invoke: Recall Undead Har |       |     3 ||     3
    Use: Scroll            |       |     8 ||     8
         Potion            |       |     2 ||     2
   Stab: Sleeping          |     1 |     4 ||     5
 Armour: Leather armour    |    20 |    22 ||    42
  Dodge: Dodged            |    77 |    60 ||   137
  Block: Buckler           |       |     7 ||     7
